Picklejuice, neutral male human Tourist --------------- -------- ................ .>.....+ |.... |......| | |....... ---|---- # ### # # # # ##B ----@-- ......| |.....| ......| |.<.`.| ------- Picklejuice the Sightseer Experience level: 4 Strength: 12 Dexterity: 8 Constitution: 15 Intelligence: 18 Wisdom: 10 Charisma: 13 Health: 0(21) Energy: 16(16) Def: 1 Gold: 303 Moves: 2982 Dungeon seed: jnPWuYNuriAJtSoP Game ID: Picklejuice_1448413664 Your Inventory: Coins $ - 303 gold pieces Weapons a - a +0 elven dagger (weapon in hand) x - a corroded +2 dart A - a +0 orcish dagger E - 22 +2 darts U - 11 +0 elven arrows W - 14 +2 darts (in quiver) Armor e - an uncursed +0 Hawaiian shirt (being worn) j - a blessed +0 orcish helm y - an uncursed +0 orcish helm (being worn) z - an uncursed +0 orcish helm Comestibles b - 2 uncursed Tentations d - 2 uncursed apples g - 2 uncursed cram rations q - 4 uncursed food rations M - 2 uncursed food rations Q - an uncursed tin of newt meat X - an uncursed sprig of wolfsbane Scrolls i - 3 uncursed scrolls of magic mapping t - a blessed scroll of water H - an uncursed scroll of scare monster K - a cursed scroll of enchant armor S - 2 uncursed scrolls of destroy armor Potions h - 2 uncursed potions of extra healing r - an uncursed potion of confusion s - a cursed potion of monster detection T - 2 uncursed potions of water V - an uncursed potion of healing Z - an uncursed potion of acid Rings G - a cursed ring of teleportation named cur J - an uncursed ring of cold resistance Wands l - a wand of secret door detection (0:13) n - a wand of light (0:10) O - a wand of undead turning (0:6) Tools c - an expensive camera (0:65) k - an uncursed credit card m - an uncursed tin opener p - an uncursed leash I - an uncursed tin whistle N - an uncursed credit card R - a fire horn (0:5) Spells and supernatural/magical abilities: Name Level Category Fail Memory w - wizard lock 2 matter 82% 95% z - sleep 1 enchantment 22% 86% W - pray for help -- divine ? -- Your skills at the end: Miscellaneous Skills wands [Basic] Weapon Skills dart [Basic] Spellcasting Skills Final Attributes: You were devoutly aligned. You are dead. Vanquished creatures: a small mimic a floating eye a kobold lord an iguana 2 dwarf zombies a gas spore a hobbit 2 acid blobs a large kobold 5 geckos a hobgoblin 2 giant rats a yellow mold a green mold a red mold a gnome zombie 7 jackals a kobold 5 newts 2 goblins 2 sewer rats 6 grid bugs 7 lichens a kobold zombie 54 creatures vanquished. Voluntary challenges: You were an atheist. You used a wielded weapon 14 times, starting on turn 2069. You did not apply a unicorn horn. You read items or engraved 6 times, starting on turn 3. You never genocided any monsters. You never polymorphed an object. You never changed form. You used no wishes. You never split a pudding. You wrote Elbereth's name 1 time, starting on turn 3. You never violated your personal moral code. Dungeon overview: The Dungeons of Doom: levels 1 to 5 Level 1 a long staircase Level 2 a general store, a fountain Level 3 Level 4 <- You were here Level 5 History has recorded: On T:1 you entered the Dungeons of Doom to retrieve the Amulet of Yendor! On T:30 you reached level 2 of The Dungeons of Doom. On T:696 you reached level 3 of The Dungeons of Doom. On T:814 you advanced to experience level 2. On T:898 you advanced to experience level 3. On T:2556 you advanced to experience level 4. On T:2606 you reached level 4 of The Dungeons of Doom. On T:2968 you reached level 5 of The Dungeons of Doom. Score breakdown: Gold: 238 ( 23 points) Experience: 4 levels ( 300 points) Exploration: 5 levels ( 120 points) Discoveries: 5 items ( 250 points) Variety of kills: 24 monsters ( 1200 points) Major goal: (nothing yet) ( 0 points) Survival: died (score multiplied by 3) Total score: 5679 Latest messages: You sold a spellbook of wizard lock for 66 gold pieces. "Thank you for shopping in Annootok's general store!" You bought a credit card for 13 gold pieces. The price is deducted from your credit. You bought a wand of secret door detection (0:13) for 200 gold pieces. The price is deducted from your credit. You bought a silver ring for 200 gold pieces. <2 clear potions for 16 zorkmids. Pay? [yn]: y> The price is deducted from your credit. You bought 2 clear potions for 16 gold pieces. The price is deducted from your credit. You bought a brown potion for 177 gold pieces. "Thank you for shopping in Annootok's general store!" <2 clear potions for 16 zorkmids. Pay? [yn]: n> "Thank you for shopping in Annootok's general store!" "For you, honored sir; only 200 for this tin wand." The giant bat bites! (2x) You die... Final status: Aloha Picklejuice the Tourist, killed by a giant bat... You died in The Dungeons of Doom on dungeon level 4 with 5679 points, and 303 pieces of gold, after 2982 moves. You were level 4 with a maximum of 21 hit points when you died.